 Dungeon Crawl Stone Soup version 0.26-a0-651-gb41185065b (webtiles) character file.

Game seed: 5642180151690602946

252 smeego the Slasher (level 6, -2/42 HPs)
             Began as an Octopode Fighter on Sept 29, 2020.
             Was an Initiate of Dithmenos.
             Slain by a sky beast (3 damage)
             ... on level 4 of the Dungeon.
             The game lasted 00:04:25 (3354 turns).

smeego the Slasher (Octopode Fighter)               Turns: 3354, Time: 00:04:25

Health: -2/42      AC:  1    Str: 17    XL:     6   Next: 14%
Magic:  6/6        EV: 12    Int: 11    God:    Dithmenos [......]
Gold:   161        SH:  9    Dex: 11    Spells: 5/5 levels left

rFire    + . .     SeeInvis .   a - +0 long sword
rCold    + . .     Faith    .   b - +0 kite shield
rNeg     . . .     Spirit   .   (helmet restricted)
rPois    +         Reflect  .   (no amulet)
rElec    +         Harm     .   (no ring)
rCorr    +         Rampage  .   (no ring)
MR       .....                  (no ring)
Stlth    +++.......             (no ring)
HPRegen  0.14/turn              (no ring)
MPRegen  0.10/turn              (no ring)
                                (no ring)
                                (no ring)

@: resistant, hasted, very quick
A: almost no armour, stealthy swim, amphibious, 8 rings, constrict 8, camouflage
1, gelatinous body 1
a: Renounce Religion


You were on level 4 of the Dungeon.
You worshipped Dithmenos.
Dithmenos was noncommittal.
You visited 2 branches of the dungeon, and saw 5 of its levels.

You collected 161 gold pieces.

Inventory:

Hand Weapons
 a - a +0 long sword (weapon)
 q - a +0 hunting sling
Missiles
 r - 34 sling bullets
 t - 3 poisoned darts (quivered)
Armour
 b - a +0 kite shield (worn)
 p - a +2 hat
Jewellery
 e - an uncursed ring of ice
 n - an uncursed amulet of the acrobat {unknown}
Wands
 w - a wand of polymorph (12)
 y - a wand of disintegration (10)
 A - a wand of enslavement (13)
Scrolls
 d - a scroll of magic mapping {unknown}
 g - 3 scrolls of amnesia {unknown}
 h - 6 scrolls of identify {unknown}
 i - 3 scrolls of enchant armour {unknown}
 m - 4 scrolls of teleportation {unknown}
 o - 4 scrolls of remove curse {unknown}
 u - a scroll of immolation {unknown}
 B - a scroll of fog {unknown}
Potions
 c - a potion of might
 f - a potion of flight {unknown}
 j - a potion of ambrosia {unknown}
 k - a potion of resistance
 l - a potion of haste
 s - a potion of magic {unknown}
 v - a potion of mutation {unknown}
 x - 3 potions of curing {unknown}
 z - a potion of cancellation {unknown}


   Skills:
 + Level 3.5 Fighting
 * Level 3.7 Long Blades
 + Level 1.6 Throwing
 + Level 3.5 Dodging
 + Level 2.6 Stealth
 + Level 3.5 Shields
 + Level 1.8 Unarmed Combat
 + Level 0.5 Evocations


You had 5 spell levels left.
You didn't know any spells.
Your spell library was empty.

Dungeon Overview and Level Annotations

Branches:
Dungeon (4/15)             Temple (1/1) D:4

Altars:
Ashenzari
Dithmenos
Gozag
Hepliaklqana
Kikubaaqudgha
Nemelex Xobeh
Okawaru
Ru
Sif Muna
Trog
Uskayaw
Vehumet
Wu Jian
Xom
The Shining One

Annotations:
D:2 1 runed translucent door, Crazy Yiuf
D:4 3 runed translucent doors


Innate Abilities, Weirdness & Mutations

You cannot wear most types of armour.
You are very stealthy in the water. (Stealth+)
You are amphibious.
You can wear up to eight rings at the same time.
You can use your tentacles to constrict eight enemies at once.
Your skin changes colour to match your surroundings (Stealth+).
Your rubbery body absorbs attacks. (AC +1, EV +1)


Message History

You closely miss the sky beast.
The sky beast is heavily wounded.
The sky beast barely misses you.
You barely miss the sky beast.
The sky beast is heavily wounded.
The sky beast hits you. The sky beast shocks you. The sky beast hits you.
* * * LOW HITPOINT WARNING * * *
The sky beast shocks you.
* * * LOW HITPOINT WARNING * * *
You closely miss the sky beast.
The sky beast is moderately wounded.
The sky beast misses you.
It was a potion of resistance.
You feel protected. The sky beast hits you.
* * * LOW HITPOINT WARNING * * *
The sky beast shocks you. You resist.
* * * LOW HITPOINT WARNING * * *
It was a potion of haste.
You feel yourself speed up. The sky beast hits you.
You die...

#### . ##..## ... ######....#
#### ....##.........###..#
....................#
...##..##..###.##.###
#..###.........#.. (. .. ....
##.###...#......... ..##.
...###.@#....###........ .
##.#.###.....Y......#......... ..
......#......................
...##............†.........[.#...
.....##...#..#..............#...
#.............(........####.#
##.............(..........####
##..###P.P....#............####
##....###.##....>...###.........


You could see a sky beast (poisoned).

Vanquished Creatures
  A howler monkey (D:4)
  An orc wizard (D:3)
  Ijyb (D:4)
  A worker ant (D:4)
  Robin (D:2)
  A gnoll (D:1)
  2 adders
  An ooze (D:3)
  A worm (D:2)
  4 dart slugs
  4 leopard geckos
  5 orcs (D:3)
  9 bats
  A giant cockroach (D:1)
  13 goblins
  8 hobgoblins
  2 jackals (D:3)
  A ball python (D:3)
  7 frilled lizards
  5 kobolds
  A quokka skeleton (D:4)
  6 rats
76 creatures vanquished.

Vanquished Creatures (others)
  2 plants (D:4)
2 creatures vanquished.

Grand Total: 78 creatures vanquished

Notes
Turn   | Place    | Note
-------+----------+-------------------------------------------
     0 | D:1      | smeego the Octopode Fighter began the quest for the Orb.
     0 | D:1      | Reached XP level 1. HP: 16/16 MP: 1/1
   154 | D:1      | Reached XP level 2. HP: 16/21 MP: 2/2
   179 | D:1      | Reached skill level 1 in Stealth
   455 | D:1      | Reached XP level 3. HP: 20/26 MP: 3/3
  1060 | D:2      | Found a runed translucent door.
  1061 | D:2      | Noticed Crazy Yiuf
  1098 | D:2      | Noticed Robin
  1122 | D:2      | Reached skill level 1 in Unarmed Combat
  1135 | D:2      | Killed Robin
  1135 | D:2      | Reached XP level 4. HP: 17/31 MP: 4/4
  1443 | D:2      | Reached skill level 1 in Throwing
  1858 | D:3      | Reached XP level 5. HP: 24/36 MP: 5/5
  2539 | D:3      | Found a bloodstained altar of Trog.
  2781 | D:4      | Noticed Ijyb
  2791 | D:4      | Killed Ijyb
  2823 | D:4      | Found a runed translucent gate.
  2824 | D:4      | Found a runed translucent gate.
  2825 | D:4      | Found a runed translucent gate.
  2833 | D:4      | Found a staircase to the Ecumenical Temple.
  2848 | Temple   | Entered the Ecumenical Temple
  2873 | Temple   | Became a worshipper of Dithmenos the Shadowed
  2911 | D:4      | Noticed a sky beast
  3267 | D:4      | Reached XP level 6. HP: 29/42 MP: 6/6
  3353 | D:4      | HP: 2/42 [sky beast (4)]
  3354 | D:4      | Slain by a sky beast

Illustrated notes

Levels and vault maps discovered:
D:1:      kilobyte_arrival_exit_the_forest, layout_basic,
          minmay_indecisive_spiral
D:2:      layout_loops_cross, uniq_crazy_yiuf_cottage, uniq_robin
D:3:      layout_basic, trog_butcher_becter
D:4:      layout_cave_pools, marbit_many_paths,
          minmay_temple_entry_gardened_gates, ebering_ghost_rock_garden,
          grunt_ministairs_9, uniq_ijyb
Temple:   grunt_wide_crystal_templ

Skill      XL: |  1  2  3  4 |
---------------+-------------+-----
Stealth        | 1 2 |  2.6
Unarmed Combat | 1 |  1.8
Long Blades    | 3 |  3.7
Throwing       | 1 |  1.6
Fighting       | |  3.5
Dodging        | |  3.5
Shields        | |  3.5
Evocations     | |  0.5

Action                   |  1- 3 |  4- 6 || total
-------------------------+-------+-------++-------
Melee: Long sword        |    71 |    86 ||   157
       Constrict         |    19 |    20 ||    39
       Tentacles         |     7 |    14 ||    21
       Punch             |     1 |       ||     1
Throw: Dart              |       |     5 ||     5
  Use: Potion            |       |     2 ||     2
 Stab: Sleeping          |     2 |     8 ||    10
Armor: Skin              |     7 |     2 ||     9
Dodge: Dodged            |    34 |    39 ||    73
Block: Kite shield       |    39 |    31 ||    70
       Rpst.: Long sword |     8 |    11 ||    19

Table legend: (Time is in decaauts)
 A = Elapsed time spent in this place.
 B = Non-inter-level travel time spent in this place.
 C = Inter-level travel time spent in this place.
 D = Time resting spent in this place.
 E = Time spent auto-exploring this place.
 F = Levels seen in this place.
 G = Mean time per level.
                   A        B        C        D        E       F      G
               +--------+--------+--------+--------+--------+-----+--------+
         Total |   3405 |   3148 |    257 |    690 |   1839 |   5 |  681.0 |
       Dungeon |   3371 |   3123 |    248 |    690 |   1821 |   4 |  842.8 |
        Temple |     34 |     25 |      9 |      0 |     18 |   1 |   34.0 |
               +--------+--------+--------+--------+--------+-----+--------+

Top non-repeatable levels by time:
     D:3: 1253 daAuts
     D:1: 1043 daAuts
     D:2: 654 daAuts
     D:4: 419 daAuts
  Temple: 34 daAuts
